AoeStats
← Witch

Black Forest

503891734Analyzed
4v4 RM · 1mo ago on Sep 2, 2026· 51m 31s· 8 players
Game mode
Random Map
Map size
Large (8 player)
Population
200
Speed
Normal
Resources
Standard
Victory
Conquest
Starting age
Dark Age
Ending age
Imperial Age
RankedLock teamsTeams togetherTeam positionsShared explorationLock speedFull tech treeHidden civsTurbo modeCheats
Victory
Defeat
🇦🇱 Khmer · Albania
782
+11
🇩🇪 Teutons · Germany
776
+11
🇵🇪 Franks · Peru
708
+14
666
+16
🇹🇷 Koreans · Türkiye
697
-14
🇿🇦 Byzantines · South Africa
681
-14
🇹🇷 Lithuanians · Türkiye
669
-13
🇳🇴 Romans · Norway
650
-12
NorWarHero6319
0:32 Loom
12:07 Feudal Age
12:47 Horse Collar
12:57 Double-Bit Axe
17:22 Gold Mining
21:31 Castle Age
20:33 Stone Mining
21:10 Forging
21:00 Scale Mail Armor
21:06 Scale Barding Armor
20:25 Man-at-Arms
22:29 Bow Saw
22:22 Heavy Plow
23:21 Squires
23:40 Long Swordsman
26:55 Caravan
27:39 Wheelbarrow
27:51 Gold Shaft Mining
28:35 Pikeman
30:23 Hand Cart
34:07 Imperial Age
33:35 Coinage
33:46 Murder Holes
35:07 Iron Casting
34:48 Chain Mail Armor
34:54 Chain Barding Armor
35:25 Crop Rotation
35:51 Conscription
37:20 Halberdier
39:44 Blast Furnace
39:20 Plate Barding Armor
38:45 Padded Archer Armor
38:36 Fletching
38:59 Legionary
43:22 Bodkin Arrow
43:43 Leather Archer Armor
44:49 Ballistas
47:41 Ring Archer Armor
48:28 Ballistics
48:23 Masonry
50:36 Chemistry
51:28 Town Watch
Shorizen
11:14 Feudal Age
13:34 Double-Bit Axe
14:28 Wheelbarrow
16:36 Horse Collar
16:52 Gold Mining
16:52 Stone Mining
25:41 Castle Age
26:49 Hand Cart
26:55 Bow Saw
27:22 Heavy Plow
28:16 Stone Shaft Mining
27:50 Scale Barding Armor
27:40 Town Watch
28:22 Arson
28:38 Squires
27:58 Pikeman
27:59 Man-at-Arms
29:31 Town Patrol
30:10 Husbandry
30:21 Bloodlines
31:09 Caravan
37:31 Chain Barding Armor
43:09 Light Cavalry
Witch
0:31 Loom
14:32 Feudal Age
15:23 Double-Bit Axe
16:39 Horse Collar
18:50 Wheelbarrow
20:13 Gold Mining
20:16 Stone Mining
23:55 Castle Age
25:34 Gold Shaft Mining
25:37 Stone Shaft Mining
25:13 Heavy Plow
25:44 Hand Cart
26:10 Bow Saw
31:08 Caravan
33:25 Town Watch
34:14 Town Patrol
40:10 Imperial Age
39:07 Pikeman
39:49 Squires
40:01 Arson
42:05 Two-Man Saw
40:29 Heavy Rocket Cart
41:57 Guilds
46:07 Scale Mail Armor
46:18 Forging
46:51 Halberdier
Hondkop
0:46 Loom
13:29 Feudal Age
18:25 Castle Age
16:55 Scale Barding Armor
17:04 Forging
38:29 Imperial Age
37:23 Fletching
37:34 Padded Archer Armor
37:35 Scale Mail Armor
38:10 Iron Casting
37:56 Chain Barding Armor
38:44 Wheelbarrow
38:36 Treadmill Crane
39:17 Ballistics
39:08 Fortified Wall
38:54 Murder Holes
38:26 Pikeman
38:53 Gambesons
39:08 Squires
38:54 Arson
39:36 Cavalier
39:52 Light Cavalry
40:32 Husbandry
39:58 Capped Ram
40:47 Double-Bit Axe
40:47 Horse Collar
41:06 Bodkin Arrow
41:28 Leather Archer Armor
41:29 Chain Mail Armor
41:43 Caravan
42:14 Coinage
41:54 Guilds
41:30 Siege Ram
43:39 Chemistry
43:43 Paladin
43:57 Halberdier
49:25 Elite Cataphract
50:32 Conscription
SuperGiGi
0:37 Loom
16:10 Feudal Age
19:09 Horse Collar
19:19 Double-Bit Axe
21:27 Wheelbarrow
25:36 Castle Age
28:39 Bow Saw
29:48 Heavy Plow
33:19 Gold Mining
33:19 Stone Mining
37:46 Tusk Swords
39:22 Hand Cart
44:32 Imperial Age
44:38 Heavy Scorpion
47:04 Chemistry
47:28 Conscription
47:09 Double Crossbow
47:53 Caravan
48:24 Coinage
49:17 Elite Ballista Elephant
50:00 Pikeman
51:29 Crop Rotation
MiguelAngel
0:35 Loom
12:48 Feudal Age
20:28 Castle Age
34:17 Imperial Age
32:41 Wheelbarrow
32:20 Town Watch
32:55 Double-Bit Axe
33:41 Hand Cart
35:19 Husbandry
34:39 Cavalier
35:45 Gold Mining
35:49 Stone Mining
36:03 Caravan
38:05 Gold Shaft Mining
38:55 Chemistry
38:15 Ballistics
38:56 Bow Saw
40:38 Paladin
41:44 Scale Barding Armor
41:39 Scale Mail Armor
41:50 Forging
43:57 Conscription
43:45 Elite Throwing Axeman
47:46 Chivalry
49:02 Chain Barding Armor
48:58 Chain Mail Armor
49:21 Iron Casting
Scanderbeg^ReX¬ALBANIE
0:32 Loom
13:32 Feudal Age
14:27 Double-Bit Axe
14:25 Horse Collar
18:39 Wheelbarrow
18:52 Gold Mining
22:06 Castle Age
21:59 Bloodlines
21:52 Stone Mining
23:01 Husbandry
23:20 Heavy Plow
23:33 Bow Saw
23:59 Gold Shaft Mining
24:56 Stone Shaft Mining
26:12 Fervor
26:52 Caravan
29:10 Hand Cart
32:21 Imperial Age
33:37 Town Watch
35:16 Two-Man Saw
34:21 Town Patrol
33:46 Heavy Camel Rider
35:35 Chemistry
34:56 Ballistics
37:30 Conscription
38:06 Shatagni
38:19 Scale Barding Armor
39:04 Siege Engineers
41:42 Forging
41:55 Chain Barding Armor
43:40 Masonry
43:39 Imperial Camel Rider
45:32 Iron Casting
46:46 Grand Trunk Road
47:52 Coinage
51:15 Banking
Lukbert Leichtsinn
0:28 Loom
12:14 Feudal Age
13:21 Double-Bit Axe
13:19 Horse Collar
16:55 Wheelbarrow
19:20 Castle Age
17:43 Stone Mining
18:51 Scale Mail Armor
19:18 Forging
19:44 Fletching
19:49 Arson
20:55 Heavy Plow
22:51 Bow Saw
24:01 Caravan
25:37 Hand Cart
27:04 Gold Mining
28:39 Chain Mail Armor
28:27 Squires
30:39 Iron Casting
35:19 Imperial Age
33:35 Stone Shaft Mining
33:32 Bodkin Arrow
33:05 Elite Skirmisher
35:56 Padded Archer Armor
36:22 Conscription
36:49 Plate Mail Armor
39:15 Blast Furnace
38:27 Capped Ram
38:44 Elite Teutonic Knight
41:27 Leather Archer Armor
42:45 Crop Rotation
42:55 Ring Archer Armor
45:47 Chemistry
45:01 Fortified Wall
48:12 Scale Barding Armor
50:05 Chain Barding Armor
49:13 Cavalier
50:04 Bloodlines
50:28 Paladin
51:46 Plate Barding Armor
Connection lost

Rejoining the realm…

Still unreachable

The connection could not be restored.

Session expired

The server has moved on; the page needs a fresh start.